 Dungeon Crawl Stone Soup version 0.23.2-1-ga50397a (webtiles) character file.

Game seed: 17098983917562829823

3301 Fang the Fighter (level 10, -12/96 HPs)
             Began as a Gargoyle Berserker on May 8, 2019.
             Was an Elder of Trog.
             Mangled by a yak (14 damage)
             ... on level 7 of the Dungeon.
             The game lasted 00:10:31 (6443 turns).

Fang the Fighter (Gargoyle Berserker)               Turns: 6443, Time: 00:10:32

Health: -12/96     AC:  9    Str: 30    XL:     10   Next: 1%
Magic:  10/10      EV: 14    Int:  7    God:    Trog [****..]
Gold:   398        SH:  0    Dex:  9    Spells: 9/9 levels left

rFire    . . .     SeeInvis .   r - +0 hand axe (chop)
rCold    . . .     Gourm    +   (no shield)
rNeg     + . .     Faith    .   b - +0 animal skin
rPois    ∞         Spirit   .   (no helmet)
rElec    +         Reflect  .   (no cloak)
rCorr    +         Harm     .   (no gloves)
MR       .....                  (no boots)
Stlth    ..........             C - amulet of the gourmand
HPRegen  0.26/turn              u - ring of resist corrosion
MPRegen  0.12/turn              (no ring)

@: berserking, very quick
A: negative energy resistance 1, electricity resistance, unbreathing,
petrification resistance, rot immunity, AC +7
a: Berserk, Trog's Hand, Brothers in Arms, Renounce Religion


You were on level 7 of the Dungeon.
You worshipped Trog.
Trog was greatly pleased with you.
You were not hungry.

You visited 2 branches of the dungeon, and saw 8 of its levels.

You collected 398 gold pieces.

Inventory:

Hand Weapons
 a - a +0 war axe
 r - a +0 hand axe of chopping (weapon)
 z - a +3 battleaxe of freezing
Armour
 b - a +0 animal skin (worn)
Jewellery
 u - a ring of resist corrosion (left hand)
 v - an uncursed amulet of the acrobat
 C - an amulet of the gourmand (around neck)
Wands
 n - a wand of flame (17)
 D - a wand of disintegration (14)
Scrolls
 d - 7 scrolls of identify {unknown}
 e - 4 scrolls of blinking {unknown}
 f - 5 scrolls of remove curse {unknown}
 h - 5 scrolls of enchant armour {unknown}
 k - 2 scrolls of amnesia {unknown}
 w - 2 scrolls of noise {unknown}
 x - 2 scrolls of fear {unknown}
 y - 3 scrolls of teleportation {unknown}
Potions
 g - a potion of flight {unknown}
 i - 3 potions of haste {unknown}
 j - 2 potions of mutation {unknown}
 l - 2 potions of heal wounds {unknown}
 m - a potion of degeneration {unknown}
 o - a potion of agility {unknown}
 p - 3 potions of curing {unknown}
 q - a potion of berserk rage {unknown}
 s - a potion of cancellation {unknown}
 t - a potion of invisibility {unknown}
 A - a potion of ambrosia {unknown}
 B - a potion of brilliance {unknown}
Comestibles
 c - 14 rations


   Skills:
 + Level 8.3 Fighting
 + Level 6.9 Axes
 + Level 7.8 Armour
 + Level 5.9 Dodging


You had 9 spell levels left.
You didn't know any spells.
Your spell library was empty.

Dungeon Overview and Level Annotations

Branches:
Dungeon (7/15)             Temple (1/1) D:5

Altars:
Ashenzari
Hepliaklqana
Makhleb
Okawaru
Ru
Trog
Vehumet
Xom
Yredelemnul
The Shining One

Shops:
D:4 ?   D:6 =


Innate Abilities, Weirdness & Mutations

You are resistant to torment.
Your stone body is resilient. (AC +7)
You are immune to poison.
You resist negative energy. (rN+)
You are resistant to electric shocks. (rElec)
You can survive without breathing.
You are immune to petrification.
You are immune to rotting.


Message History

The yak closely misses you. The yak misses you.
You hit the yak but do no damage.
The yak is severely wounded.
You hit the yak. You barely miss the yak. The yak closely misses you.
You slash the yak!
You feel the power of Trog in you as your rage grows.
You kill the yak!
Trog accepts your kill.
You have reached level 10!
You slash the yak! You hit the yak. The yak barely misses you.
You slash the yak!
The yak is heavily wounded.
You slash the yak! The yak closely misses you. The yak misses you.
You hit the yak.
The yak is severely wounded.
You hit the yak. You slash the yak!
The yak is almost dead.
You hit the yak but do no damage. The yak gores you!
You die...

.## #..# #......#..... .#
##.## #
...................
.####..#
...........#..#....#
#.#....##
.#..####......#...##
........# ...#
##....##...#
......#########..##
##...##..##
##....#.#.#.#.#...#
#..##...#
#.....#)#.#.#.#.†Y###....
#...#
#.###...........@Y....(#.
..... ..
###.#.#.#.###†..####
...... .. #.#.#.#.# Y..#
.. ######### ....# .....#
.....# #...... ....##


You could see 3 yaks.

Vanquished Creatures
  Pikel (D:5)
  Grinder (D:5)
  3 yaks (D:7)
  Menkaure (D:5)
  A water moccasin (D:5)
  3 ice beasts
  3 slaves (D:5)
  2 ogres
  A bullfrog (D:7)
  A scorpion (D:5)
  4 wights (D:7)
  4 howler monkeys (D:7)
  A centaur zombie (D:6)
  7 crimson imps
  4 hounds
  5 orc wizards
  4 orc priests
  A centaur skeleton (D:6)
  2 iguanas (D:7)
  7 worker ants
  A hound zombie (D:6)
  A hound skeleton (D:4)
  A howler monkey skeleton (D:7)
  5 adders
  2 shadow imps
  3 adder skeletons
  3 dart slugs
  2 leopard geckos
  15 orcs
  6 giant cockroaches
  13 goblins
  11 hobgoblins
  16 jackals
  6 quokkas
  A ball python (D:1)
  9 bats
  3 frilled lizards
  5 kobolds
  2 quokka skeletons
  A quokka zombie (D:5)
  6 rats
168 creatures vanquished.

Vanquished Creatures (others)
  A bat (D:5)
1 creature vanquished.

Grand Total: 169 creatures vanquished

Notes
Turn   | Place    | Note
-------+----------+-------------------------------------------
     0 | D:1      | Fang the Gargoyle Berserker began the quest for the Orb.
     0 | D:1      | Reached XP level 1. HP: 14/14 MP: 1/1
   376 | D:1      | Reached XP level 2. HP: 13/19 MP: 2/2
   728 | D:2      | Reached XP level 3. HP: 19/23 MP: 3/3
   894 | D:2      | Reached ** piety under Trog
  1333 | D:2      | Reached XP level 4. HP: 29/29 MP: 4/4
  1442 | D:3      | Reached skill level 4 in Fighting
  1917 | D:3      | Reached *** piety under Trog
  1922 | D:3      | Found a basalt altar of Yredelemnul.
  2075 | D:3      | Found a glowing golden altar of the Shining One.
  2077 | D:3      | Found a shimmering altar of Xom.
  2077 | D:3      | Found a hide-covered altar of Uskayaw.
  2079 | D:3      | Found a shimmering altar of Xom.
  2079 | D:3      | Found a bloodstained altar of Trog.
  2079 | D:3      | Found a bloodstained altar of Trog.
  2155 | D:3      | Reached XP level 5. HP: 18/33 MP: 5/5
  2635 | D:4      | Found Raveiz's Magic Scroll Boutique.
  2938 | D:4      | Reached XP level 6. HP: 30/39 MP: 6/6
  3212 | D:5      | Entered Level 5 of the Dungeon
  3212 | D:5      | Noticed a water moccasin
  3227 | D:5      | Killed a water moccasin
  3258 | D:5      | Found an iron altar of Okawaru.
  3278 | D:5      | Reached skill level 5 in Fighting
  3280 | D:5      | Reached XP level 7. HP: 23/44 MP: 7/7
  3620 | D:5      | Noticed Menkaure
  3622 | D:5      | Found a hazy altar of Hepliaklqana.
  3631 | D:5      | Killed Menkaure
  3631 | D:5      | Reached skill level 5 in Armour
  3900 | D:5      | Reached **** piety under Trog
  3919 | D:5      | Noticed Pikel
  3943 | D:5      | Killed Pikel
  3943 | D:5      | Reached skill level 6 in Fighting
  3943 | D:5      | Reached skill level 5 in Axes
  3943 | D:5      | Reached XP level 8. HP: 38/52 MP: 8/8
  3962 | D:5      | Found a sacrificial altar of Ru.
  4140 | D:5      | Found a shattered altar of Ashenzari.
  4194 | D:5      | Found a staircase to the Ecumenical Temple.
  4258 | D:5      | Noticed Grinder
  4275 | D:5      | Killed Grinder
  4379 | Temple   | Entered the Ecumenical Temple
  4725 | D:6      | Reached XP level 9. HP: 39/56 MP: 9/9
  4734 | D:6      | Reached skill level 7 in Fighting
  4842 | D:6      | Found Issuwyck's Jewellery Emporium.
  4907 | D:6      | Reached skill level 5 in Dodging
  4940 | D:6      | Found a burning altar of Makhleb.
  5587 | D:7      | HP: 2/85 [wight/cursed +1 spear (4)]
  5595 | D:7      | HP: 1/57 [wight/cursed +1 spear (1)]
  5750 | D:7      | Received a gift from Trog
  6435 | D:7      | Reached skill level 8 in Fighting
  6437 | D:7      | HP: 1/88 [yak (7)]
  6440 | D:7      | Reached XP level 10. HP: 1/64 MP: 10/10
  6443 | D:7      | Mangled by a yak

Skill      XL: |  1  2  3  4  5  6  7  8  9 |
---------------+----------------------------+-----
Axes           | 3 4 5 6 |  6.9
Dodging        | 2 3 4 5 |  5.9
Fighting       | 4 5 6 8 |  8.3
Armour         | 3 4 5 6 7 |  7.8

Action                   |  1- 3 |  4- 6 |  7- 9 | 10-12 || total
-------------------------+-------+-------+-------+-------++-------
Melee: Hand axe          |   151 |   191 |   361 |     3 ||   706
Invok: Berserk           |     1 |     3 |     7 |       ||    11
       Trog's Hand       |       |       |     1 |       ||     1
 Stab: Sleeping          |     1 |       |       |       ||     1
       Paralysed         |       |       |     1 |       ||     1
  Eat: Chunk             |     3 |     8 |    18 |       ||    29
       Ration            |       |       |     1 |       ||     1
Armor: Animal skin       |    52 |    67 |   129 |       ||   248
Dodge: Dodged            |   106 |   129 |   284 |     3 ||   522
